 Dungeon Crawl Stone Soup version 0.24.0-125-gc4c63601f3 (webtiles) character file.

Game seed: 14559652200396703812, levelgen mode: deterministic

669 Curus the Cleaver (level 7, 0/56 HPs)
             Began as a Minotaur Gladiator on Mar 4, 2020.
             Succumbed to Edmund's poison
             ... on level 4 of the Dungeon.
             The game lasted 00:14:03 (3143 turns).

Curus the Cleaver (Minotaur Gladiator)              Turns: 3143, Time: 00:14:04

Health: 0/56       AC: 10    Str: 15 (18) XL:     7   Next: 32%
Magic:  6/6        EV:  7    Int:  7      God:
Gold:   137        SH:  0    Dex: 11 (12) Spells: 6/6 levels left

rFire    . . .     SeeInvis .   a - +0 war axe
rCold    . . .     Gourm    .   (no shield)
rNeg     . . .     Faith    .   p - +0 chain mail
rPois    .         Spirit   .   c - +1 hat
rElec    .         Reflect  .   j - scarf {cloud immunity}
rCorr    .         Harm     .   i - +0 pair of gloves
MR       .....                  (no boots)
Stlth    ..........             (no amulet)
HPRegen  0.18/turn              n - ring of flight
MPRegen  0.10/turn              (no ring)

@: lethally poisoned (0 -> -35)
A: retaliatory headbutt, horns 2
a: Evoke Flight


You were on level 4 of the Dungeon.
You were not hungry.

You visited 1 branch of the dungeon, and saw 4 of its levels.

You collected 137 gold pieces.

Inventory:

Hand Weapons
 a - a +0 war axe (weapon)
Missiles
 d - 3 throwing nets (quivered)
Armour
 b - a +0 leather armour
 c - a +1 hat (worn)
 e - a +0 ring mail
 i - a +0 pair of gloves (worn)
 j - a scarf of cloud immunity (worn)
 p - a +0 chain mail (worn)
Jewellery
 n - a ring of flight (left hand)
Wands
 h - a wand of random effects (17)
 m - a wand of digging (5)
Scrolls
 g - 2 scrolls of identify
 k - a scroll of amnesia
 l - a scroll of remove curse
Potions
 o - a potion of brilliance
 r - a potion of haste
Comestibles
 f - 9 rations
 q - 3 chunks of flesh


   Skills:
 - Level 2.4 Fighting
 + Level 10.2 Axes
 - Level 2.0 Throwing
 - Level 3.2 Dodging


You had 6 spell levels left.
You didn't know any spells.
Your spell library was empty.

Dungeon Overview and Level Annotations

Branches:
Dungeon (4/15)
 Temple: D:4-7

Altars:
Kikubaaqudgha
Makhleb
Uskayaw
Xom
Yredelemnul


Innate Abilities, Weirdness & Mutations

You reflexively headbutt those who attack you in melee.
You have a pair of horns on your head.


Message History

You are more poisoned.
You closely miss Edmund.
Edmund is almost dead.
* * * LOW HITPOINT WARNING * * *
You feel very sick.
Edmund hits you with a +5 flail of venom.
* * * LOW HITPOINT WARNING * * *
You are more poisoned.
You closely miss Edmund.
Edmund is almost dead.
* * * LOW HITPOINT WARNING * * *
You feel very sick.
You slash Edmund!
You kill Edmund!
You feel your intelligence returning.
Your Axes skill increases to level 10!
* * * LOW HITPOINT WARNING * * *
You feel very sick.
Unknown command.
You die...

#.....###...# #.
#.#.###.####........
#.###... #..# .........
##.....>#
##.##.#....... .......#
###..#.#.......
#.P.P.###..............
#.._..##..##..##.......
###.P.P.##.## .##
....... ........@..# .#
........##....##
.........<.####
.......##..# ##.....
...# ###### ##.. ....
#.#.


There were no monsters in sight!

Vanquished Creatures
  Eustachio (D:4)
  Edmund (D:4)
  A scorpion (D:4)
  A howler monkey (D:3)
  A hound (D:2)
  2 orc wizards
  Robin (D:3)
  4 gnolls (D:2)
  6 adders
  2 worms
  5 dart slugs
  3 leopard geckos
  14 orcs
  2 ball pythons
  7 bats
  A giant cockroach (D:1)
  22 goblins
  7 hobgoblins
  10 jackals
  9 kobolds
  2 quokkas (D:3)
  A frilled lizard (D:2)
  4 rats
107 creatures vanquished.

Notes
Turn   | Place    | Note
-------+----------+-------------------------------------------
     0 | D:1      | Curus the Minotaur Gladiator began the quest for the Orb.
     0 | D:1      | Reached XP level 1. HP: 18/18 MP: 0/0
    26 | D:1      | Reached skill level 4 in Axes
   383 | D:1      | Reached XP level 2. HP: 6/25 MP: 1/1
   834 | D:1      | Reached skill level 5 in Axes
   942 | D:1      | Reached XP level 3. HP: 29/30 MP: 2/2
  1479 | D:2      | Reached skill level 6 in Axes
  1479 | D:2      | Reached XP level 4. HP: 23/37 MP: 3/3
  1483 | D:2      | Found a shimmering altar of Xom.
  1860 | D:2      | Reached skill level 7 in Axes
  1860 | D:2      | Reached XP level 5. HP: 29/42 MP: 4/4
  1975 | D:2      | Found a burning altar of Makhleb.
  2489 | D:3      | Reached skill level 8 in Axes
  2622 | D:3      | Noticed Robin
  2635 | D:3      | Killed Robin
  2635 | D:3      | Reached XP level 6. HP: 39/50 MP: 5/5
  2707 | D:3      | Found a hide-covered altar of Uskayaw.
  3046 | D:4      | Found an ancient bone altar of Kikubaaqudgha.
  3075 | D:4      | Noticed Eustachio
  3099 | D:4      | Killed Eustachio
  3099 | D:4      | Reached skill level 9 in Axes
  3119 | D:4      | Found a basalt altar of Yredelemnul.
  3120 | D:4      | Noticed Edmund
  3131 | D:4      | Reached XP level 7. HP: 37/56 MP: 6/6
  3142 | D:4      | Killed Edmund
  3142 | D:4      | Reached skill level 10 in Axes
  3143 | D:4      | Succumbed to Edmund's poison

Levels and vault maps discovered:
D:1:      dpeg_arrival_simpleton_a, layout_loops_corners, minmay_cupped
D:2:      layout_rooms, xom_butterflies, makhleb_blood_cavern_becter
D:3:      layout_loops_ring, lemuel_coloured_pillars_altar,
          guppyfry_early_lair_pool, uniq_robin
D:4:      layout_rooms, yredelemnul_altar_generic,
          gammafunk_temple_overflow_forgotten, nicolae_overflow_crystal_walls,
          first_ration, serial_shops, shop, uniq_crazy_yiuf_cottage,
          uniq_edmund, uniq_eustachio

Skill      XL: |  1  2  3  4  5  6  7 |
---------------+----------------------+-----
Axes           | 4 5 6 7 8 9 10 | 10.2
Fighting       | |  2.4
Throwing       | |  2.0
Dodging        | |  3.2

Action                   |  1- 3 |  4- 6 |  7- 9 || total
-------------------------+-------+-------+-------++-------
Melee: War axe           |    68 |   191 |    10 ||   269
       Headbutt          |     6 |    19 |       ||    25
  Use: Potion            |     4 |     3 |     1 ||     8
       Scroll            |     3 |     3 |       ||     6
  Eat: Ration            |     1 |       |       ||     1
       Chunk             |       |     4 |       ||     4
Armor: Leather armour    |     5 |       |       ||     5
       Ring mail         |    20 |    25 |       ||    45
       Chain mail        |       |    46 |     2 ||    48
Dodge: Dodged            |    51 |   106 |     2 ||   159
